 Dungeon Crawl Stone Soup version 0.29.0-11-gd7f09526c8 (webtiles) character file.

Game seed: 2926488665454989885

207 keekatzer the Ruffian (level 5, -1/49 HPs)
             Began as a Troll Transmuter on Sept 6, 2022.
             Slain by a gnoll
             ... wielding a +0 spear
              (6 damage)
             ... on level 4 of the Dungeon.
             The game lasted 00:12:07 (1967 turns).

keekatzer the Ruffian (Troll Transmuter)            Turns: 1967, Time: 00:12:08

Health: -1/49      AC: -4    Str: 18    XL:     5   Next: 54%
Magic:  3/7        EV: 10    Int:  9    God:
Gold:   190        SH:  0    Dex: 12    Spells: 5/8 levels left

rFire   . . .      SeeInvis .     - Unarmed
rCold   + . .      Faith    .   (no shield)
rNeg    . . .      Spirit   .   a - +0 robe
rPois   +          Reflect  .   (helmet currently unavailable)
rElec   .          Harm     .   (no cloak)
rCorr   .          Rampage  .   (gloves unavailable)
Will    .....                   (boots unavailable)
Stlth   +.........              n - amulet of regeneration
HPRegen 1.76/turn               h - ring of poison resistance
MPRegen 0.10/turn               l - ring of protection from cold

@: appendages (expiring), wereblooded, corroded
A: horns 2, talons 2, large, unfitting armour, claws 3, regeneration 1, shaggy
fur 1, tough skin 1
a: End Transformation


You were on level 4 of the Dungeon.
You had temporarily grown beastly horns and talons.
You visited 1 branch of the dungeon, and saw 4 of its levels.

You collected 190 gold pieces.

Inventory:

Armour
 a - a +0 robe (worn)
Jewellery
 h - a ring of poison resistance (left claw)
 l - a ring of protection from cold (right claw)
 n - an amulet of regeneration (around neck)
Scrolls
 c - 4 scrolls of identify {unknown}
 d - a scroll of noise {unknown}
 i - 2 scrolls of amnesia {unknown}
 j - a scroll of summoning {unknown}
 k - 3 scrolls of magic mapping {unknown}
 m - a scroll of blinking {unknown}
 o - a scroll of torment {unknown}
Potions
 b - a potion of lignification
 e - 6 potions of curing {unknown}
 f - a potion of resistance {unknown}
 g - a potion of haste {unknown}


   Skills:
 + Level 2.0 Fighting
 + Level 2.5 Dodging
 + Level 3.8 Unarmed Combat
 + Level 2.0 Spellcasting
 + Level 2.2 Transmutations


You had 5 spell levels left.
You knew the following spells:

 Your Spells              Type           Power      Damage    Failure   Level
a - Beastly Appendage     Tmut           10%        N/A       13%         1
b - Wereblood             Tmut           5%         N/A       21%         2

Your spell library contained the following spells:

 Spells                   Type           Power      Damage    Failure   Level
 Spider Form              Tmut/Pois      2%         N/A       54%         3
 Ignite Poison            Fire/Tmut/Pois 2%         N/A       58%         3
 Mephitic Cloud           Conj/Pois/Air  0%         N/A       69%         3
 Ice Form                 Ice/Tmut       2%         N/A       91%         4
 Freezing Cloud           Conj/Ice/Air   0%         6-21      100%        5


Dungeon Overview and Level Annotations

Branches:
Dungeon (4/15)
 Temple: D:4-7

Altars:

Shops:
D:2 ([((


Innate Abilities, Weirdness & Mutations

You have temporarily grown beastly horns and talons.
You are too large for most types of armour.
You have claws for hands.
Your natural rate of healing is unusually fast.
You are covered in fur. (AC +1)
You have tough skin. (AC +1)


Message History

Casting: Beastly Appendage (safe; 14% risk of failure)
Confirm with . or Enter, or press ? or * to list all spells.
Your blood is infused with primal strength.
You closely miss the gnoll. You claw the gnoll!
The gnoll is severely wounded.
The gnoll barely misses you.
You scratch the gnoll.
You kill the gnoll!
The jelly hits you.
You are splashed with acid.
You scratch the gnoll. You claw the gnoll, but do no damage.
You claw the gnoll!
The gnoll is almost dead.
You howl as the wereblood boils in your veins!
The gnoll hits you with a +0 flail! The jelly hits you.
You are splashed with acid!
The gnoll closely misses you.
You scratch the gnoll.
You feel a bit better.
You kill the gnoll!
You howl as the wereblood boils in your veins!
Your transformation is almost over.
The jelly hits you but does no damage. The gnoll barely misses you.
Your Spellcasting skill increases to level 2!
You scratch the jelly. The acid corrodes you!
Your claws burn!
You claw the jelly.
The jelly is moderately wounded.
The gnoll hits you from afar with a +0 spear.
The jelly hits you. The acid corrodes you!
You are splashed with acid!
* * * LOW HITPOINT WARNING * * *
You scratch the jelly but do no damage.
Your claws burn!
* * * LOW HITPOINT WARNING * * *
The jelly is moderately wounded.
You scratch the jelly.
Your claws burn!
* * * LOW HITPOINT WARNING * * *
You claw the jelly, but do no damage. You headbutt the jelly.
The jelly is almost dead.
The jelly barely misses you.
The gnoll hits you from afar with a +0 spear!
* * * LOW HITPOINT WARNING * * *
You howl as the wereblood boils in your veins!
The gnoll hits you from afar with a +0 spear.
You die...

##...##...##..
##..........#..
#..........$...
#............#.
#............##
##.....(....##
#########...##...##
#....J....######....
#...@)g...# ####..
#..†......# .
#.........#
#.........#
#.............
#....>......##
#.........###
#######.... .##.#


You could see a jelly and a gnoll.

Vanquished Creatures
  2 scorpions
  2 gnolls (D:4)
  2 adders
  4 dart slugs
  An orc (D:3)
  4 ball pythons
  6 endoplasms
  A giant cockroach (D:2)
  3 goblins
  6 hobgoblins
  2 quokkas
  6 bats
  6 frilled lizards
  3 kobolds
  4 rats
52 creatures vanquished.

Vanquished Creatures (others)
  3 plants (D:2)
3 creatures vanquished.

Grand Total: 55 creatures vanquished

Notes
Turn   | Place    | Note
-------+----------+-------------------------------------------
     0 | D:1      | keekatzer the Troll Transmuter began the quest for the Orb.
     0 | D:1      | Reached XP level 1. HP: 18/18 MP: 1/1
   111 | D:1      | Reached skill level 1 in Fighting
   139 | D:1      | Reached XP level 2. HP: 27/27 MP: 3/3
   648 | D:2      | Found Xoodgh's Antique Weapon Shop.
   652 | D:2      | Found Sosia's Antique Weapon Shoppe.
   747 | D:2      | Reached XP level 3. HP: 31/33 MP: 4/4
   954 | D:2      | Found a faded altar of an unknown god.
  1009 | D:2      | Found Empug's Antique Armour Emporium.
  1078 | D:2      | Found Myufaink's Antique Weapon Boutique.
  1458 | D:3      | Reached XP level 4. HP: 41/41 MP: 3/5
  1468 | D:3      | Learned a level 2 spell: Wereblood
  1906 | D:4      | Noticed a scorpion
  1907 | D:4      | Noticed a scorpion
  1918 | D:3      | Killed a scorpion
  1926 | D:4      | Killed a scorpion
  1927 | D:4      | Reached XP level 5. HP: 49/49 MP: 4/6
  1967 | D:4      | Slain by a gnoll

Illustrated notes

Levels and vault maps discovered:
D:1:      dpeg_arrival_boxes_within_box, layout_basic
D:2:      layout_loops_ring, serial_shops, nicolae_shop_overgrown_old_shop,
          shop, shop, nicolae_shop_crystal, ebering_ecumenical_altar_box,
          grunt_decor_arrowhead
D:3:      layout_basic
D:4:      layout_rooms, minmay_fractal_squares_5

Skill      XL: |  1  2  3  4  5 |
---------------+----------------+-----
Fighting       | 1 2 |  2.0
Dodging        | 2 |  2.5
Transmutations | 2 |  2.2
Spellcasting   | 2 |  2.0
Unarmed Combat | |  3.8

Action                   |  1- 3 |  4- 6 || total
-------------------------+-------+-------++-------
Melee: Unarmed           |    91 |    23 ||   114
       Punch             |     3 |     3 ||     6
       Kick              |     2 |     7 ||     9
       Headbutt          |     2 |     4 ||     6
 Cast: Beastly Appendage |     4 |     6 ||    10
       Wereblood         |       |     1 ||     1
 Stab: Sleeping          |     1 |       ||     1
Armor: Robe              |    32 |     5 ||    37
Dodge: Dodged            |    36 |    11 ||    47
